 Dungeon Crawl Stone Soup version 0.32-a0-612-g1c984fe9d1 (webtiles) character file.

Game seed: 12330005853742216838

3591 Dirtsage the Grappler (level 9, -2/89 HPs)
             Began as a Troll Fighter on Mar 4, 2024.
             Was a Priest of Wu Jian.
             Slain by a chaos spawn (12 damage)
             ... summoned by a kobold demonologist
             ... on level 7 of the Dungeon.
             The game lasted 00:13:16 (5376 turns).

Dirtsage the Grappler (Troll Fighter)               Turns: 5376, Time: 00:13:17

Health: -2/89      AC:  6    Str: 26    XL:     9   Next: 85%
Magic:  8/8        EV:  9    Int:  6    God:    Wu Jian [***...]
Gold:   350        SH:  9    Dex: 11    Spells: 8/8 levels left

rFire   . .          .
                       - Unarmed
rCold   . . .        b - +0 kite shield
rNeg    . . .        a - +0 robe
rPois   .            (helmet restricted)
rElec   .            p - +1 cloak
rCorr   .            (gloves unavailable)
SInv    .            (boots unavailable)
Will    +....        o - amulet of regeneration
Stlth   +            f - ring of willpower
HPRegen 1.94/turn    (no ring)
MPRegen 0.11/turn

%: no passive effects
@: exhausted, weakened, slowed, very slow
A: large, unfitting armour, claws 3, regeneration 1, shaggy fur 1, tough skin 1
a: Renounce Religion, Wall Jump, Serpent's Lash


You were on level 7 of the Dungeon.
You worshipped Wu Jian.
Wu Jian was most pleased with you.
You visited 2 branches of the dungeon, and saw 8 of its levels.
You also visited: Sewer and Ossuary.

You collected 350 gold pieces.

Inventory:

Armour
 a - a +0 robe (worn)
 b - a +0 kite shield (worn)
 p - a +1 cloak (worn)
Jewellery
 f - a ring of willpower (left claw)
 o - an amulet of regeneration (around neck)
Wands
 g - a wand of acid (18)
 x - a wand of paralysis (9)
Scrolls
 c - a scroll of fog {unknown}
 e - 2 scrolls of silence
 m - a scroll of immolation {unknown}
 r - a scroll of noise
 t - a scroll of teleportation
 w - 2 scrolls of amnesia
 y - a scroll of brand weapon {unknown}
 B - 2 scrolls of blinking
 D - a scroll of vulnerability {unknown}
Potions
 d - a potion of might
 h - 3 potions of haste
 j - a potion of berserk rage
 k - a potion of ambrosia
 l - 4 potions of heal wounds {unknown}
 n - 2 potions of mutation
 q - 2 potions of curing
 s - 2 potions of enlightenment {unknown}
 u - a potion of lignification
 v - 3 potions of attraction {unknown}
 z - 2 potions of brilliance {unknown}


   Skills:
 + Level 5.8 Fighting
 - Level 2.4 Dodging
 + Level 6.4 Shields
 * Level 11.1 Unarmed Combat


You had 8 spell levels left.
You didn't know any spells.
Your spell library contained the following spells:

 Spells                   Type           Power      Damage    Failure   Level
 Apportation              Tloc           0%         N/A       67%         1
 Necrotise                Necr           0%         1d4       67%         1
 Sting                    Conj/Alch      0%         1d3       67%         1
 Summon Small Mammal      Summ           0%         N/A       67%         1
 Ensorcelled Hibernation  Hex/Ice        0%         N/A       80%         2
 Momentum Strike          Conj/Tloc      0%         3d8       80%         2
 Fugue of the Fallen      Necr           0%         N/A       95%         3
 Stone Arrow              Conj/Erth      0%         3d7       95%         3
 Anguish                  Hex/Necr       0%         N/A       100%        4
 Fulminant Prism          Conj/Alch      0%         3d5       100%        4
 Vhi's Electric Charge    Tloc/Air       0%         N/A       100%        4
 Fireball                 Conj/Fire      0%         3d3       100%        5


Dungeon Overview and Level Annotations

Branches:
Dungeon (7/15)             Temple (1/1) D:4           Sewer (visited)
Ossuary (visited)

Altars:
Ashenzari
Cheibriados
Dithmenos
Elyvilon
Fedhas
Gozag
Hepliaklqana
Kikubaaqudgha
Nemelex Xobeh
Ru
Sif Muna
Trog
Uskayaw
Vehumet
Wu Jian
Xom
Yredelemnul
The Shining One
Lugonu

Shops:
D:3 *   D:4 :

Portals:
Abyss: D:3

Annotations:
D:7 Maggie, Maurice


Innate Abilities, Weirdness & Mutations

You are too large for most types of armour.
You have claws for hands.
Your natural rate of healing is unusually fast.
You are covered in fur. (AC +1)
You have tough skin. (AC +1)


Message History

You block the kobold demonologist's attack.
The orc warrior hits you with a +0 long sword.
You take 12 damage, and have 51/89 hp.
You scratch the kobold demonologist.
The kobold demonologist is moderately wounded.
The soul eater barely misses you. The chaos spawn kicks you!
You feel yourself slow down. The gnoll bouda closely misses you.
The kobold demonologist hits you but does no damage.
The orc warrior hits you with a +0 long sword.
You take 7 damage, and have 44/89 hp.
You closely miss the kobold demonologist.
The kobold demonologist is moderately wounded.
The soul eater barely misses you. The chaos spawn releases spores at you!
The chaos spawn freezes you!
* * * LOW HITPOINT WARNING * * *
You block the gnoll bouda's attack.
The kobold demonologist hits you with a +0 dagger.
* * * LOW HITPOINT WARNING * * *
You block the gnoll's attack. You block the orc warrior's attack.
The soul eater draws from the surrounding life force!
* * * LOW HITPOINT WARNING * * *
The chaos spawn barely misses you.
You take 25 damage, and have 19/89 hp.
MASSIVE DAMAGE!!
You spin to attack the chaos spawn, but your attack speed is too slow for a blow to land.
You spin and attack the orc warrior, with incredible momentum.
You mangle the orc warrior!!
You blow up the orc warrior!
The Council accepts your kill.
Your supernatural speed expires.
You lunge at the kobold demonologist.
You barely miss the kobold demonologist.
The kobold demonologist is moderately wounded.
You spin and attack the chaos spawn.
You scratch the chaos spawn.
The chaos spawn is moderately wounded.
The gnoll bouda closely misses you.
The kobold demonologist mumbles some strange words.
The gnoll closely misses you. The soul eater hits you!
* * * LOW HITPOINT WARNING * * *
The chaos spawn pecks you!
You die...

##..##.........
#..#..........(
..
#.....#........
..
###.#..........
..
#..###'####..
..
#.##......###
..
###...).))..##
..
#......))54g##
#........$@3o#
#....#####gKg#
#.... #g.(.#
#.... #..55#
#.... .....#
##.. #....# #.
.....# .....#


You could see a soul eater (summoned), a kobold demonologist, a chaos spawn
(summoned), a gnoll bouda, an iron imp (summoned), 3 gnolls, a white imp
(summoned), a shadow imp (summoned) and an orc.

Vanquished Creatures
  An unseen horror (D:7)
  4 yaks (D:7)
  A steam dragon (D:6)
  Pargi (Sewer)
  2 ice beasts (D:6)
  An orc warrior (D:7)
  3 phantoms
  A weeping skull (Ossuary)
  2 brain worms (Sewer)
  A bullfrog (D:7)
  4 scorpions
  8 water moccasin zombies (Ossuary)
  A bombardier beetle (D:4)
  A jelly (D:6)
  3 orc priests
  A spectral scorpion (Ossuary)
  A gnoll bouda (D:5)
  2 hounds (D:6)
  5 iguanas
  2 sleepcaps
  10 orc wizards
  2 crocodile zombies (Ossuary)
  2 mummies (Ossuary)
  10 gnolls
  11 adders
  A shadow imp (D:7)
  An ufetubus (D:7)
  3 adder zombies (Ossuary)
  A dart slug (D:4)
  A ribbon worm (D:6)
  23 orcs
  8 bats
  8 endoplasms
  2 giant cockroaches
  11 goblins
  7 hobgoblins
  3 jackals (D:4)
  3 quokkas
  12 ball pythons
  9 frilled lizards
  12 gnoll zombies (Ossuary)
  3 jackal zombies (Ossuary)
  8 kobolds
  6 orc zombies (Ossuary)
  4 rats
206 creatures vanquished.

Vanquished Creatures (others)
  An ufetubus (D:7)
  2 lurking horrors (D:3)
3 creatures vanquished.

Grand Total: 209 creatures vanquished

Notes
Turn   | Place    | Note
-------+----------+-------------------------------------------
     0 | D:1      | Dirtsage the Troll Fighter began the quest for the Orb.
     0 | D:1      | Reached XP level 1. HP: 22/22 MP: 0/0
   148 | D:1      | Reached XP level 2. HP: 29/29 MP: 1/1
   550 | D:2      | Reached skill level 3 in Unarmed Combat
   632 | D:2      | Reached XP level 3. HP: 28/36 MP: 2/2
   917 | D:2      | Reached skill level 4 in Unarmed Combat
   946 | D:2      | Noticed a phantom
   951 | D:2      | Killed a phantom
   952 | D:2      | Reached skill level 5 in Unarmed Combat
   952 | D:2      | Reached XP level 4. HP: 44/44 MP: 3/3
  1351 | D:3      | Found a corrupted altar of Lugonu.
  1354 | D:3      | Found a one-way gate to the infinite horrors of the Abyss.
  1457 | D:3      | Reached XP level 5. HP: 50/50 MP: 4/4
  1512 | D:3      | Found an opulent altar of Gozag.
  1514 | D:3      | Found Gozag's Platinum Reserve.
  1808 | D:3      | Noticed a phantom
  1818 | D:3      | Killed a phantom
  1819 | D:3      | Reached skill level 6 in Unarmed Combat
  1869 | D:3      | Found an ancient bone altar of Kikubaaqudgha.
  2064 | D:3      | Reached XP level 6. HP: 38/59 MP: 5/5
  2116 | D:4      | Found Cunus's Tiny Tomes.
  2155 | D:4      | Found a bloodstained altar of Trog.
  2241 | D:4      | Found a staircase to the Ecumenical Temple.
  2250 | Temple   | Entered the Ecumenical Temple
  2274 | Temple   | Became a worshipper of the Wu Jian Council
  2461 | D:4      | Found a sand-covered staircase.
  2466 | Ossuary  | Entered an ossuary
  2520 | Ossuary  | Reached skill level 7 in Unarmed Combat
  2520 | Ossuary  | Reached XP level 7. HP: 46/67 MP: 6/6
  2595 | Ossuary  | Reached * piety under Wu Jian
  2663 | Ossuary  | Reached skill level 8 in Unarmed Combat
  2700 | Ossuary  | Reached XP level 8. HP: 75/78 MP: 7/7
  2810 | D:4      | Found a sacrificial altar of Ru.
  2861 | D:4      | Reached ** piety under Wu Jian
  2920 | D:4      | Got the Directory of the Manifold and Momentum
  3575 | D:5      | Entered Level 5 of the Dungeon
  3745 | D:5      | Reached skill level 9 in Unarmed Combat
  4090 | D:5      | Found a snail-covered altar of Cheibriados.
  4213 | D:5      | Reached skill level 5 in Shields
  4418 | D:6      | Found a glowing drain.
  4426 | D:6      | Reached *** piety under Wu Jian
  4443 | Sewer    | Entered a sewer
  4484 | Sewer    | Noticed Pargi
  4491 | Sewer    | Killed Pargi
  4550 | Sewer    | Reached XP level 9. HP: 84/87 MP: 6/8
  4625 | D:6      | Found a glowing golden altar of the Shining One.
  4777 | D:6      | Reached skill level 5 in Fighting
  4829 | D:6      | Reached skill level 10 in Unarmed Combat
  5122 | D:7      | Found a sparkling altar of Nemelex Xobeh.
  5173 | D:7      | Noticed Maurice
  5244 | D:7      | Noticed Maggie
  5349 | D:7      | Killed an unseen horror
  5358 | D:7      | Reached skill level 11 in Unarmed Combat
  5364 | D:7      | Noticed a kobold demonologist
  5370 | D:7      | Reached **** piety under Wu Jian
  5371 | D:7      | Noticed a soul eater
  5376 | D:7      | Slain by a chaos spawn

Illustrated notes

Levels and vault maps discovered:
D:1:      minmay_arrival_four_houses, layout_basic
D:2:      layout_loops_ring
D:3:      layout_loops_corners, nicolae_overflow_hidden_temple,
          nicolae_gozag_zags_fifth_avenue, amethyst_killhole,
          amcnicky_altar_lugonu_corruption
D:4:      layout_gridville, mainiacjoe_overflow_alcove_4, kennysheep_mini,
          temple_statues, enter_ossuary_2, nicolae_shop_i_like_small_books_too
D:5:      layout_basic, general_overflow_altar
D:6:      layout_cave_pools, overflow_temple_1_default,
          cheibrodos_sewer_entry_sluice, roderic_roman_lattice, lightli_minifort
D:7:      layout_cave_pools, lemuel_coloured_pillars_altar,
          gammafunk_ghost_nasty_kobolds, enter_bailey_8, serial_shops,
          nicolae_shop_rolled_up, kennysheep_potato, uniq_maurice, uniq_maggie
Temple:   minmay_temple_curvy_loop

Skill      XL: |  1  2  3  4  5  6  7  8  9 |
---------------+----------------------------+-----
Unarmed Combat | 3 5 6 7 8 9 11 | 11.1
Shields        | 3 4 5 6 |  6.4
Fighting       | 3 4 5 |  5.8
Dodging        | |  2.4

Action                     |  1- 3 |  4- 6 |  7- 9 || total
---------------------------+-------+-------+-------++-------
  Melee: Unarmed           |    78 |   130 |   379 ||   587
 Invoke: Serpent's Lash    |       |       |     1 ||     1
Ability: Lunge             |       |     3 |    36 ||    39
         Whirlwind         |       |       |    40 ||    40
    Use: Potion            |       |     1 |       ||     1
         Scroll            |       |       |    16 ||    16
   Stab: Sleeping          |     3 |     1 |     3 ||     7
 Armour: Robe              |    43 |    72 |   224 ||   339
  Dodge: Dodged            |    14 |    38 |   103 ||   155
  Block: Kite shield       |    21 |    48 |   120 ||   189

Table legend: (Time is in decaauts)
 A = Elapsed time spent in this place.
 B = Non-inter-level travel time spent in this place.
 C = Inter-level travel time spent in this place.
 D = Time resting spent in this place.
 E = Time spent auto-exploring this place.
 F = Levels seen in this place.
 G = Mean time per level.
                   A        B        C        D        E       F      G
               +--------+--------+--------+--------+--------+-----+--------+
         Total |   5365 |   4984 |    381 |     52 |   3680 |  10 |  536.5 |
       Dungeon |   4896 |   4560 |    336 |     52 |   3488 |   7 |  699.4 |
        Temple |     47 |      2 |     45 |      0 |      0 |   1 |   47.0 |
         Sewer |    150 |    150 |      0 |      0 |     77 |   1 |  150.0 |
       Ossuary |    271 |    271 |      0 |      0 |    115 |   1 |  271.0 |
               +--------+--------+--------+--------+--------+-----+--------+

Top non-repeatable levels by time:
     D:3: 1025 daAuts
     D:4: 921 daAuts
     D:2: 762 daAuts
     D:5: 744 daAuts
     D:6: 679 daAuts
     D:1: 549 daAuts
 Ossuary: 271 daAuts
     D:7: 213 daAuts
   Sewer: 150 daAuts
  Temple: 47 daAuts
